 Dungeon Crawl Stone Soup version 0.17.1-2-g5865329 (webtiles) character file.

1614297 MajorHonor the Executioner (level 27, 239/254 HPs)
             Began as a Hill Orc Fighter on Jan 9, 2016.
             Was a High Priest of Okawaru.
             Escaped with the Orb
             ... and 3 runes on Jan 16, 2016!
             The game lasted 08:53:35 (83445 turns).

MajorHonor the Executioner (Hill Orc Fighter)      Turns: 83445, Time: 08:53:35

Health: 239/254    AC: 49    Str: 31 (32) XL:     27
Magic:  34/34      EV: 16    Int:  8      God:    Okawaru [*****.]
Gold:   4555       SH: 19    Dex: 10      Spells: 4 memorised, 33 levels left

rFire  + + .     SeeInvis .     j - +9 broad axe (drain)
rCold  . . .     Clarity  .     S - +11 plate armour "Opnuas" {rPois Regen+ Slay+2}
rNeg   . . .     SustAt   .     w - +3 shield of the Morning Star {rElec rF+}
rPois  +         Gourm    .     s - +2 hat
rElec  +         Spirit   .     A - +2 cloak {+Inv}
rCorr  .         Warding  .     R - +2 pair of gloves
rMut   +         Stasis   .     n - +2 pair of boots
MR     +++..                    h - amulet of resist mutation
Stlth  ..........               H - ring of protection from fire
                                a - ring of protection from magic

@: very slightly contaminated, extremely resistant to hostile enchantments,
extremely unstealthy
A: beak, iridescent scales 1, deterioration 1
a: Heroism, Finesse, Renounce Religion, Evoke Invisibility
0: Orb of Zot
}: 3/15 runes: decaying, silver, gossamer


You escaped.
You worshipped Okawaru.
Okawaru was extremely pleased with you.
You were hungry.

You visited 11 branches of the dungeon, and saw 57 of its levels.

You collected 7853 gold pieces.
You spent 3298 gold pieces at shops.

Inventory:

Hand Weapons
 j - a +9 broad axe of draining (weapon)
 v - a +2 war axe of flaming
 P - the +0 broad axe "Concordance" {drain, rElec rPois rC++}
   (Okawaru gifted it to you on level 5 of the Realm of Zot)

   A truly terrible weapon, it drains the life of those it strikes.
   It greatly protects you from cold.
   It insulates you from electricity.
   It protects you from poison.
Missiles
 K - 17 silver javelins (quivered)
 T - 6 javelins of penetration
Armour
 n - a +2 pair of boots (worn)
 s - a +2 hat (worn)
 w - the +3 shield of the Morning Star (worn) {rElec rF+}
   (You bought it in a shop on level 5 of the Dungeon)

   It protects you from fire.
   It insulates you from electricity.
 A - a +2 cloak of invisibility (worn)
 I - a +2 shield of reflection
 R - a +2 pair of gloves (worn)
 S - the +11 plate armour "Opnuas" (worn) {rPois Regen+ Slay+2}
   (You found it on level 4 of the Depths)

   It affects your accuracy and damage with ranged weapons and melee attacks
   (+2).
   It protects you from poison.
   It increases your rate of regeneration.
Jewellery
 a - a ring of protection from magic (left hand)
 e - the ring of Duaggu {+Fly rC+ Dex+4}
   (You took it off a yaktaur captain on level 5 of the Vaults)

   [ring of flight]

   It affects your dexterity (+4).
   It protects you from cold.
   It lets you fly.
 g - an uncursed ring of sustain attributes
 h - an amulet of resist mutation (around neck)
 q - the amulet of Moodiness {rC++ Regen+}
   (You took it off an ironbrand convoker on level 5 of the Vaults)

   [amulet of regeneration]

   It greatly protects you from cold.
   It increases your rate of regeneration.
 u - an uncursed ring of see invisible
 D - an uncursed amulet of resist corrosion
 F - the ring "Aviqoahia" {rPois rC+ Dex+5 Stlth+}
   (You found it on level 2 of the Elven Halls)

   [ring of dexterity]

   It affects your dexterity (+5).
   It protects you from cold.
   It protects you from poison.
   It makes you more stealthy.
 H - a ring of protection from fire (right hand)
 O - an uncursed amulet of clarity
Wands
 b - a wand of lightning (5)
 x - a wand of slowing (19)
 y - a wand of fireball (2)
 M - a wand of paralysis (12)
Scrolls
 c - 11 scrolls of teleportation
 i - 2 scrolls of fear
 o - 13 scrolls of magic mapping
 p - 4 scrolls of amnesia
 B - 4 scrolls of fog
 C - 2 scrolls of holy word
 E - 2 scrolls of silence
 G - 3 scrolls of blinking
 Q - a scroll of enchant armour
 V - 19 scrolls of remove curse
 Z - 12 scrolls of identify
Potions
 d - a potion of flight
 f - 3 potions of agility
 r - 31 potions of curing
 z - 3 potions of brilliance
 J - a potion of cure mutation {unknown}
 L - 7 potions of might
 U - a potion of resistance
 W - 2 potions of cancellation
 X - 2 potions of berserk rage
Comestibles
 k - 26 meat rations
 l - 12 fruits


   Skills:
 - Level 22.0 Fighting
 - Level 22.0 Axes
 + Level 18.7 Throwing
 - Level 22.0 Armour
 + Level 18.2 Dodging
 + Level 18.8 Shields
 + Level 7.6 Spellcasting
 - Level 11.9 Charms
 - Level 9.9 Necromancy
 - Level 5.0 Translocations
 - Level 7.1 Invocations
 + Level 14.5 Evocations


You had 33 spell levels left.
You knew the following spells:

 Your Spells              Type           Power        Failure   Level  Hunger
a - Infusion              Chrm           ###...       1%          1    None
b - Shroud of Golubria    Chrm/Tloc      ###.......   3%          2    ##.....
c - Song of Slaying       Chrm           ###.....     1%          2    ##.....
d - Regeneration          Chrm/Necr      ###.......   2%          3    ###....


Dungeon Overview and Level Annotations

Branches:
Dungeon (15/15)            Temple (1/1) D:6            Lair (8/8) D:8
  Swamp (4/4) Lair:6       Spider (4/4) Lair:5        Slime (0/6) Lair:8
    Orc (4/4) D:11            Elf (3/3) Orc:4        Vaults (5/5) D:14
  Crypt (3/3) Vaults:3       Tomb (0/3) Crypt:3      Depths (5/5) D:15
    Zot (5/5) Depths:5

Altars:
Ashenzari
Cheibriados
Dithmenos
Elyvilon
Fedhas
Gozag
Kikubaaqudgha
Makhleb
Nemelex Xobeh
Okawaru
Qazlal
Ru
Sif Muna
Trog
Vehumet
Xom
Yredelemnul
Zin
The Shining One
Jiyva

Shops:
D:5 [   Orc:2 }   Orc:4 ?*(   Elf:3 (   Vaults:1 ([   Vaults:3 :   Depths:3 *
Depths:4 ![(}(

Portals:
Hell: Lair:8 Depths:1 Depths:2 Depths:3 Depths:4 Depths:5
Abyss: Depths:4 Depths:5
Pandemonium: Depths:2 Depths:3
Ziggurat: Depths:4

Annotations:
D:12 Flanowski's ghost, journeyman VSAs
Crypt:3 Khufu


Innate Abilities, Weirdness & Mutations

You have a beak for a mouth.
You are partially covered in iridescent scales (AC +4).
Your body sometimes deteriorates upon taking damage.


Message History

(H) Hell (Z) Zot
Where to? (* - list waypoints, Enter - D:1, ? - help)
There is a stone staircase leading up here.
You climb upwards.
There is a stone staircase leading down here.
(D) Dungeon (T) Temple (L) Lair (S) Swamp (N) Spider Nest (M) Slime Pits (O) Orcish Mines (E) Elven Halls (V) Vaults (C) Crypt (W) Tomb (U) Depths (H) Hell (Z) Zot
Where to? (* - list waypoints, Enter - D:1, ? - help)
Okay, then.
You see here 24 stones.
You see here 19 bolts.
A soul eater comes into view.
You enter the shallow water.
Moving in this stuff is going to be slow.
The soul eater draws from the surrounding life force!
There is a staircase leading out of the dungeon here.
The soul eater draws from the surrounding life force!
You have escaped!

♣♣ ♣
♣♣♣P♣
♣♣♣♣♣♣
≈≈≈♣♣♣..♣
♣P...♣♣
≈≈≈♣
♣.♣.♣
♣..@..♣♣
≈♣ ♣♣.♣♣
♣......♣
♣♣ ♣.♣♣
♣.♣..♣♣♣
♣♣.♣♣
♣♣..♣♣
♣♣.♣
♣♣.♣♣
♣♣♣..♣
♣..♣ ♣
♣♣..♣♣♣
♣♣.♣ ♣♣
♣♣(♣♣♣
♣3♣
.♣♣♣.♣♣
♣♣♣.♣


You could see a soul eater.

Vanquished Creatures
  10 ancient liches
  4 orbs of fire
  Mara (Swamp:3)
  Mennas (Depths:5)
  3 greater mummies (Crypt:3)
  Boris (Vaults:2)
  Frederick (Crypt:3)
  Margery (Vaults:2)
  Saint Roka (Depths:5)
  3 Killer Klowns (Zot:5)
  A caustic shrike (Depths:4)
  5 curse toes
  2 golden dragons
  Nikola (Vaults:1)
  3 bone dragons
  Arachne (Spider:2)
  2 electric golems (Zot:5)
  Jorgrun (Depths:5)
  Rupert (Orc:3)
  14 tentacled monstrosities
  Asterion (Spider:4)
  4 deep elf blademasters (Elf:3)
  A pandemonium lord (Depths:3)
  11 liches
  5 titans
  A deep elf master archer (Elf:3)
  26 Orb Guardians
  A Shadow Fiend (Depths:4)
  2 sphinxes (Vaults:5)
  3 ancient champions
  Agnes (D:14)
  Frances (D:14)
  6 death cobs
  2 thorn hunters (Swamp:3)
  Kirke (Swamp:3)
  2 storm dragons (Zot:5)
  10 shadow dragons
  10 tengu reavers
  Roxanne (Swamp:1)
  4 draconian monks
  A revenant (Vaults:3)
  9 frost giants
  Donald (Orc:4)
  9 deep elf sorcerers
  8 fire giants
  4 draconian knights
  Aizul (Swamp:3)
  4 draconian scorchers
  10 vault wardens
  2 curse skulls
  8 emperor scorpions
  7 ghost moths
  3 draconian zealots
  An orc warlord (Orc:2)
  4 draconian shifters
  10 ghouls
  3 juggernaut zombies (Depths:4)
  4 draconian annihilators
  6 reapers (Depths:4)
  2 spriggan defenders
  31 stone giants
  A juggernaut skeleton (Depths:4)
  2 draconian callers
  11 ironheart preservers
  6 war gargoyles
  2 dire elephants
  3 black draconians
  22 very ugly things
  5 vampire knights
  A lorocyproca (Depths:3)
  7 deep elf demonologists
  12 green draconians
  7 white draconians
  14 deep elf annihilators
  6 salamander stormcallers
  6 mottled draconians
  12 yellow draconians
  8 red draconians
  15 deep elf death magi
  3 eidola
  9 jiangshi
  14 ettins
  2 green deaths (Swamp:4)
  Snorg (D:13)
  31 vault guards
  4 crystal guardians
  A quicksilver dragon zombie (Crypt:3)
  16 yaktaur captains
  23 fire dragons
  6 great orbs of eyes
  6 deep elf high priests
  Josephine (Lair:4)
  19 hydras
  11 entropy weavers
  19 ice dragons
  A quicksilver dragon skeleton (Crypt:3)
  A hell beast (Lair:8)
  6 spriggan air magi
  6 rakshasas
  9 centaur warriors
  5 death knights
  Erica (D:10)
  A ghost crab (Swamp:3)
  21 dancing weapons
  7 alligators
  11 ogre magi
  11 deep troll shamans
  5 tengu warriors
  13 deep troll earth magi
  21 death yaks
  3 vampire magi
  9 spriggan berserkers
  The ghost of Flanowski the Nimble, a journeyman VSAs of Dithmenos (D:14)
  Urug (Lair:4)
  An orc high priest (Orc:4)
  A storm dragon zombie (Depths:4)
  A sun demon (Depths:2)
  A soul eater (Depths:4)
  Sonja (Lair:4)
  A thrashing horror (Swamp:4)
  An ice devil (Depths:3)
  30 skeletal warriors
  6 fire crabs
  7 iron trolls
  40 deep trolls
  5 wizards
  3 golden dragon zombies
  2 shadow wraiths
  6 flayed ghosts
  A spriggan druid (Swamp:3)
  A giant orange brain (Depths:3)
  23 hell knights
  27 deep elf knights
  A swamp dragon (shapeshifter) (Elf:2)
  4 unseen horrors
  14 swamp dragons
  2 shambling mangroves
  9 phantasmal warriors
  A golden dragon skeleton (Depths:4)
  13 harpies
  9 deep elf summoners
  2 large abominations
  Pikel (D:5)
  A lindwurm (Lair:6)
  14 orb spiders
  33 wolf spiders
  2 iron dragon zombies
  11 orc knights
  2 wolf spider zombies
  A tengu zombie (Depths:4)
  6 griffons
  12 hill giants
  16 ironbrand convokers
  6 cyclopes
  15 deep elf conjurers
  22 necromancers
  A tengu skeleton (Depths:4)
  2 cyclopes (shapeshifter)
  A fire giant zombie (Depths:4)
  3 stone giant zombies
  62 ugly things
  5 orc sorcerers
  A manticore (D:11)
  A hornet (shapeshifter) (Vaults:1)
  2 frost giant zombies
  An iron dragon skeleton (Crypt:1)
  10 hornets
  A water nymph (shapeshifter) (Depths:1)
  2 frost giant skeletons
  An octopode (shapeshifter) (D:14)
  32 elephants
  19 moths of wrath
  2 rust devils (Depths:3)
  An elephant (shapeshifter) (Vaults:5)
  A fire giant skeleton (Depths:4)
  A spiny frog (shapeshifter) (D:14)
  6 black mambas
  A guardian serpent (shapeshifter) (Depths:2)
  2 torpor snails
  19 vault sentinels
  A sixfirhy (Depths:2)
  A gargoyle (D:10)
  9 orange demons
  21 spiny frogs
  A storm dragon simulacrum (Depths:4)
  A yaktaur zombie (Vaults:1)
  15 komodo dragons
  3 elf zombies (Depths:4)
  A salamander skeleton (Vaults:2)
  A redback zombie (Vaults:1)
  69 yaktaurs
  4 fire drakes
  10 demonic crawlers
  A troll (shapeshifter) (Elf:1)
  A human skeleton (Vaults:1)
  2 blue devils (Lair:8)
  11 freezing wraiths
  A tormentor (Depths:2)
  4 red devils
  A hellwing (Lair:8)
  7 tengu conjurers
  A jumping spider (shapeshifter) (Vaults:3)
  A yaktaur skeleton (Vaults:1)
  7 trolls
  38 jumping spiders
  19 deep elf priests
  15 two-headed ogres
  A polar bear (shapeshifter) (Vaults:5)
  A minotaur skeleton (Crypt:2)
  Grinder (D:6)
  3 polar bears
  Prince Ribbit (D:6)
  7 giant leeches
  9 bog bodies
  25 blink frogs
  An iron dragon simulacrum (Depths:4)
  A wind drake (shapeshifter) (Vaults:1)
  9 boulder beetles
  2 ice dragon zombies (Crypt:3)
  52 slime creatures
  A spriggan (shapeshifter) (Depths:1)
  2 two-headed ogres (shapeshifter)
  A sphinx simulacrum (Vaults:3)
  7 wraiths
  8 air elementals
  4 human simulacra
  62 redbacks
  14 tarantellas
  An ettin zombie (Crypt:3)
  Sigmund (D:3)
  2 tarantellas (shapeshifter)
  10 spriggans
  22 deep elf magi
  20 trapdoor spiders
  5 wyverns
  2 basilisks (shapeshifter)
  31 flying skulls
  A trapdoor spider (shapeshifter) (Vaults:2)
  12 hippogriffs
  37 yaks
  A fire bat (shapeshifter) (Vaults:1)
  6 shadows
  A wind drake zombie (Crypt:2)
  2 vampires
  A neqoxec (Depths:2)
  3 hungry ghosts
  A water elemental (Depths:4)
  3 basilisks
  2 hippogriffs (shapeshifter)
  2 elf skeletons (Depths:4)
  16 humans
  A human (shapeshifter) (Vaults:1)
  6 wolves (Lair:3)
  42 deep elf fighters
  5 hogs (Swamp:3)
  7 mottled dragons
  3 wargs
  A human zombie (Depths:4)
  Edmund (D:5)
  47 vampire mosquitoes
  A wolf (shapeshifter) (Vaults:2)
  23 swamp worms
  A spiny frog zombie (Crypt:3)
  12 insubstantial wisps
  A hell hound (Lair:8)
  8 ice beasts
  2 soldier ants
  5 small abominations
  21 water moccasins
  2 ettin simulacra
  16 wasps
  7 porcupines
  4 sky beasts
  A slave (D:5)
  64 orc warriors
  A ghost crab zombie (Crypt:1)
  9 necrophages
  28 spiders
  An elephant zombie (Crypt:1)
  A snapping turtle zombie (Crypt:3)
  9 swamp drakes
  2 phantoms
  12 boggarts
  2 eyes of draining
  14 crocodiles
  The ghost of Flanowski the Charmwright, an amateur HESk of Ashenzari (D:3)
  15 centaurs
  A swamp dragon skeleton (Crypt:3)
  46 ogres
  A big kobold (D:11)
  An octopode zombie (Crypt:2)
  Blork the orc (Orc:1)
  A brain worm (shapeshifter) (Vaults:4)
  22 giant frogs
  A wyvern zombie (D:14)
  A glowing shapeshifter simulacrum (Depths:4)
  6 scorpions
  17 wights
  A raiju skeleton (Crypt:2)
  11 hounds
  3 electric eels
  7 crimson imps
  8 centaur zombies
  A yaktaur simulacrum (Vaults:1)
  A giant frog zombie (D:9)
  An iron imp (Depths:1)
  6 jellies
  45 orc wizards
  2 quasits
  35 orc priests
  3 basilisk zombies
  8 centaur skeletons
  12 worker ants
  An elf simulacrum (Vaults:2)
  3 giant frog skeletons
  8 iguanas
  26 sheep
  A demigod zombie (Crypt:1)
  A naga skeleton (Crypt:1)
  A hound zombie (D:11)
  2 worker ant zombies
  5 mummies (D:14)
  96 river rats
  4 gnolls (D:7)
  13 adders
  A steam dragon zombie (Crypt:1)
  2 shadow imps (D:13)
  A white imp (D:9)
  4 oozes
  An adder zombie (Crypt:2)
  A halfling zombie (Crypt:2)
  2 adder skeletons
  4 giant geckos
  221 orcs
  2 ball pythons
  4 giant cockroaches
  9 hobgoblins
  10 jackals
  3 quokkas
  A ball python skeleton (Crypt:1)
  A ball python zombie (Crypt:1)
  12 bats
  8 giant newts
  5 goblins
  A goblin zombie (D:9)
  4 hobgoblin zombies (D:9)
  12 kobolds
  2 kobold zombies (D:9)
  2 orc skeletons
  An orc zombie (D:9)
  3 quokka skeletons
  10 rats
  5 briar patches (Swamp:3)
  7 crawling corpses
  An eldritch tentacle segment (Zot:5)
  4 fire vortices
  7 fungi
  2 lost souls (Crypt:2)
  3 plants
  A spectral weapon (Spider:4)
3025 creatures vanquished.

Vanquished Creatures (others)
  A titan (Vaults:5)
  An eldritch tentacle (Zot:5)
  3 fire giants
  A white draconian (Zot:3)
  A yaktaur captain (Depths:5)
  An ice dragon (Vaults:4)
  A centaur warrior (Vaults:4)
  A flayed ghost (Depths:5)
  A necromancer (Depths:4)
  A jumping spider (Spider:1)
  A sphinx simulacrum (Depths:4)
  A deep elf fighter (Elf:3)
  2 hogs (Swamp:3)
  A spider (Spider:1)
  A wasp (Swamp:3)
  A boggart (Depths:1)
  An orc wizard (D:5)
  A crocodile zombie (Lair:5)
  2 orcs (D:5)
  21 eldritch tentacle segments (Zot:5)
  4 fire vortices
  20 fungi
  5 lost souls
  14 plants
87 creatures vanquished.

Grand Total: 3112 creatures vanquished

Notes
Turn   | Place    | Note
--------------------------------------------------------------
     0 | D:1      | MajorHonor the Hill Orc Fighter began the quest for the Orb.
     0 | D:1      | Reached XP level 1. HP: 19/19 MP: 1/1
   320 | D:1      | Reached XP level 2. HP: 21/26 MP: 2/2
   931 | D:1      | Reached skill level 4 in Axes
  1073 | D:1      | Upgraded the game from 0.17.1-1-g73c8601 to 0.17.1-2-g5865329
  1121 | D:2      | Reached XP level 3. HP: 27/31 MP: 3/3
  1478 | D:2      | Reached skill level 5 in Axes
  1501 | D:2      | Reached XP level 4. HP: 33/39 MP: 4/4
  1861 | D:2      | Found a stormy altar of Qazlal.
  1861 | D:2      | Found a basalt altar of Yredelemnul.
  1936 | D:3      | Noticed Sigmund
  2091 | D:3      | Noticed Flanowski's ghost (amateur HESk)
  2636 | D:4      | Reached skill level 6 in Axes
  2928 | D:4      | Reached XP level 5. HP: 25/45 MP: 5/5
  3398 | D:4      | Reached skill level 7 in Axes
  3804 | D:5      | Entered Level 5 of the Dungeon
  3830 | D:5      | Noticed Edmund
  4298 | D:3      | Killed Flanowski's ghost
  4298 | D:3      | Reached skill level 8 in Axes
  4298 | D:3      | Reached XP level 6. HP: 44/51 MP: 6/6
  4322 | D:3      | Killed Sigmund
  4322 | D:3      | Reached skill level 9 in Axes
  4322 | D:3      | Reached XP level 7. HP: 41/57 MP: 7/7
  4857 | D:4      | Noticed a sky beast
  4868 | D:4      | Killed a sky beast
  4868 | D:4      | Reached skill level 10 in Axes
  5229 | D:6      | Reached skill level 11 in Axes
  5522 | D:6      | Reached XP level 8. HP: 60/64 MP: 8/8
  5780 | D:5      | Reached skill level 12 in Axes
  5786 | D:5      | Found a shattered altar of Ashenzari.
  5810 | D:5      | Found Zaliunio's Antique Armour Shop.
  5813 | D:5      | Bought an ichor-stained shield for 237 gold pieces
  5849 | D:5      | Killed Edmund
  6043 | D:5      | Noticed a slave
  6044 | D:5      | Noticed a slave
  6044 | D:5      | Noticed a slave
  6046 | D:5      | Noticed Pikel
  6121 | D:4      | Identified the +3 shield of the Morning Star {rElec rF+} (You bought it in a shop on level 5 of the Dungeon)
  6215 | D:6      | Found a staircase to the Ecumenical Temple.
  6231 | Temple   | Entered the Ecumenical Temple
  6239 | Temple   | Became a worshipper of Warmaster Okawaru
  6303 | D:6      | Noticed Grinder
  6310 | D:6      | Paralysed by Grinder for 4 turns
  6321 | D:6      | Paralysed by Grinder for 2 turns
  6325 | D:6      | Paralysed by Grinder for 3 turns
  6337 | D:6      | Noticed Prince Ribbit
  6650 | D:7      | Reached skill level 13 in Axes
  6652 | D:7      | Found a shadowy altar of Dithmenos.
  6818 | D:7      | Reached XP level 9. HP: 50/70 MP: 9/9
  6943 | D:7      | Reached * piety under Okawaru
  6943 | D:7      | Reached skill level 14 in Axes
  7327 | D:5      | Noticed a centaur
  7337 | D:5      | Killed a centaur
  7426 | D:5      | Noticed a slave
  7445 | D:5      | Killed a slave
  7446 | D:5      | Killed Pikel
  7446 | D:5      | Reached ** piety under Okawaru
  7446 | D:5      | Reached skill level 15 in Axes
  7654 | D:5      | Bought a pair of glowing boots for 112 gold pieces
  7821 | D:6      | Killed Grinder
  7891 | D:6      | Killed Prince Ribbit
  7891 | D:6      | Reached skill level 16 in Axes
  8171 | D:8      | Reached XP level 10. HP: 74/77 MP: 12/12
  8300 | D:8      | Found an ancient bone altar of Kikubaaqudgha.
  8307 | D:8      | Found a shimmering altar of Xom.
  8313 | D:8      | Found a shimmering altar of Xom.
  8314 | D:8      | Found a shimmering altar of Xom.
  8315 | D:8      | Found a shimmering altar of Xom.
  8322 | D:8      | Found a shimmering altar of Xom.
  8479 | D:8      | Noticed an elephant
  8505 | D:8      | Killed an elephant
  8505 | D:8      | Reached *** piety under Okawaru
  8505 | D:8      | Reached skill level 17 in Axes
  8635 | D:8      | Found a staircase to the Lair.
  8955 | D:9      | Found a blossoming altar of Fedhas.
  8955 | D:9      | Found an opulent altar of Gozag.
  8964 | D:9      | Found a sparkling altar of Nemelex Xobeh.
  9079 | D:9      | Found a glowing golden altar of the Shining One.
  9177 | D:9      | Found a sacrificial altar of Ru.
  9407 | D:9      | Noticed a hill giant
  9800 | D:10     | Entered Level 10 of the Dungeon
  9809 | D:10     | Got a smelly ring mail
 10151 | D:10     | Noticed Erica
 10203 | D:11     | Noticed a hill giant
 10209 | D:11     | Killed a hill giant
 10209 | D:11     | Reached skill level 18 in Axes
 10252 | D:11     | Reached **** piety under Okawaru
 10257 | D:11     | Reached skill level 5 in Fighting
 10508 | D:11     | Reached skill level 5 in Armour
 10514 | D:11     | Reached XP level 11. HP: 42/88 MP: 13/13
 10525 | D:11     | Found a staircase to the Orcish Mines.
 10836 | D:11     | Noticed a green ugly thing
 10847 | D:11     | Killed a green ugly thing
 11231 | D:12     | Noticed Flanowski's ghost (journeyman VSAs)
 11783 | D:10     | Killed Erica
 12928 | D:10     | Identified the cursed +1 ring mail of Tenacity {+Blink +Fly Regen+ Int-2} (You found it on level 10 of the Dungeon)
 13130 | D:9      | Killed a hill giant
 13130 | D:9      | Reached ***** piety under Okawaru
 13477 | Lair:1   | Entered Level 1 of the Lair of Beasts
 13620 | Lair:1   | Reached skill level 5 in Invocations
 13660 | Lair:1   | Reached XP level 12. HP: 95/104 MP: 16/16
 13955 | Lair:1   | You fall through a shaft!
 14517 | Lair:2   | Reached skill level 10 in Armour
 15391 | Lair:3   | Found a shimmering altar of Xom.
 15515 | Lair:3   | Noticed a six-headed hydra
 15537 | Lair:3   | Killed a six-headed hydra
 15537 | Lair:3   | Reached skill level 10 in Fighting
 15537 | Lair:3   | Reached skill level 5 in Shields
 15645 | Lair:3   | Reached skill level 1 in Evocations
 16101 | Lair:3   | Received a gift from Okawaru
 17034 | Lair:4   | Noticed Sonja
 17035 | Lair:4   | Noticed Urug
 17552 | Lair:5   | Reached skill level 5 in Evocations
 17826 | Lair:5   | Reached XP level 13. HP: 95/113 MP: 16/18
 18295 | Lair:5   | Found a hole to the Spider Nest.
 18478 | Lair:5   | Noticed a five-headed hydra
 18487 | Lair:5   | Killed a five-headed hydra
 19352 | Lair:6   | Received a gift from Okawaru
 19420 | Lair:6   | Reached skill level 10 in Shields
 19769 | Lair:6   | Found a staircase to the Swamp.
 20858 | D:11     | Noticed an unseen horror
 20873 | D:11     | Killed an unseen horror
 20888 | Orc:1    | Entered Level 1 of the Orcish Mines
 20905 | Orc:1    | Noticed Blork the orc
 20914 | Orc:1    | Killed Blork the orc
 21098 | Orc:1    | Reached XP level 14. HP: 70/121 MP: 18/21
 21665 | Orc:2    | Reached skill level 19 in Axes
 21768 | Orc:2    | Found Aposhu's Quality Used Wands.
 21783 | Orc:2    | Bought a wand of fireball (0) for 88 gold pieces
 21804 | Orc:2    | Noticed an orc warlord
 21840 | Orc:2    | Killed an orc warlord
 22269 | Orc:2    | Reached skill level 10 in Evocations
 22500 | D:11     | Noticed a hill giant
 22511 | D:11     | Killed a hill giant
 22534 | D:11     | Noticed a hill giant
 22541 | D:11     | Killed a hill giant
 24025 | D:13     | Noticed a hill giant
 24034 | D:13     | Killed a hill giant
 24931 | D:14     | Reached skill level 20 in Axes
 25276 | D:14     | Noticed Snorg
 25277 | D:14     | Noticed Frances
 25293 | D:13     | Killed Snorg
 25562 | D:13     | Received a gift from Okawaru
 25799 | D:14     | Reached XP level 15. HP: 128/130 MP: 17/23
 25827 | D:14     | Found a gate to the Vaults.
 25949 | D:14     | Gained mutation: You are partially covered in iridescent scales (AC +4). [potion of beneficial mutation]
 26101 | D:14     | Killed Frances
 26517 | D:14     | Noticed Agnes
 26541 | D:14     | Killed Agnes
 27026 | D:14     | Killed Flanowski's ghost
 27069 | D:15     | Entered Level 15 of the Dungeon
 27494 | D:15     | Reached skill level 21 in Axes
 27553 | D:15     | Found a shimmering altar of Xom.
 27717 | D:15     | Found a staircase to the Depths.
 28524 | Lair:4   | Noticed Josephine
 28535 | Lair:4   | Killed Josephine
 28720 | Lair:7   | Received a gift from Okawaru
 28739 | Lair:7   | Got a bloodstained scale mail {god gift}
 28853 | Lair:7   | Reached XP level 16. HP: 144/144 MP: 24/24
 29379 | Lair:7   | Identified the +0 scale mail of Paomuit {Str+4 Slay+2} (Okawaru gifted it to you on level 7 of the Lair of Beasts)
 29395 | Lair:8   | Entered Level 8 of the Lair of Beasts
 30238 | Lair:8   | Reached skill level 22 in Axes
 30299 | Lair:8   | Found a viscous altar of Jiyva.
 30299 | Lair:8   | Found a staircase to the Slime Pits.
 30308 | Lair:8   | Reached skill level 1 in Throwing
 30512 | Lair:8   | Received a gift from Okawaru
 30648 | Lair:8   | Found a burning altar of Makhleb.
 30687 | Lair:8   | Found a gateway to Hell.
 31889 | Orc:3    | Noticed Rupert
 31905 | Orc:3    | Killed Rupert
 32257 | Orc:4    | Entered Level 4 of the Orcish Mines
 32263 | Orc:4    | Found a radiant altar of Vehumet.
 32400 | Orc:4    | Found a staircase to the Elven Halls.
 32573 | Orc:4    | Paralysed by an orc sorcerer for 3 turns
 32760 | Orc:4    | Received a gift from Okawaru
 32774 | Orc:4    | Reached skill level 15 in Fighting
 32775 | Orc:4    | Found Coesa's Weapon Boutique.
 32775 | Orc:4    | Found Xotoli's Magic Scroll Boutique.
 32775 | Orc:4    | Found Pithrehe's General Store.
 32810 | Orc:4    | Found Avock's Weapon Shop.
 32816 | Orc:4    | Bought the ring "Yledaqumio" {rPois Dex+3} for 430 gold pieces
 32816 | Orc:4    | Bought a potion of heal wounds for 80 gold pieces
 32817 | Orc:4    | Bought a scroll of enchant weapon for 97 gold pieces
 32817 | Orc:4    | Bought a scroll of identify for 26 gold pieces
 32817 | Orc:4    | Bought a scroll of recharging for 123 gold pieces
 32897 | Orc:4    | Noticed Donald
 32905 | Orc:4    | Killed Donald
 33307 | Lair:4   | Killed Sonja
 33357 | Lair:4   | Killed Urug
 33357 | Lair:4   | Reached XP level 17. HP: 148/156 MP: 25/25
 33790 | Lair:4   | Reached skill level 1 in Dodging
 33968 | Swamp:1  | Entered Level 1 of the Swamp
 34299 | Swamp:1  | Noticed Roxanne
 34667 | Swamp:1  | Killed Roxanne
 34669 | Swamp:1  | Identified Roxanne's Disquisition on Transmutation (You took it off Roxanne on level 1 of the Swamp)
 35968 | Swamp:2  | Gained mutation: You have a beak for a mouth. [potion of beneficial mutation]
 35990 | Swamp:2  | Reached skill level 5 in Throwing
 36338 | Swamp:2  | Received a gift from Okawaru
 36341 | Swamp:2  | Got a pair of brightly glowing boots {god gift}
 36352 | Swamp:2  | Identified the -2 pair of boots of Fakag {MP+9} (Okawaru gifted it to you on level 2 of the Swamp)
 36900 | Swamp:3  | Noticed Mara
 36964 | Swamp:3  | Noticed Aizul
 36967 | Swamp:3  | Noticed Kirke
 37000 | Swamp:3  | Killed Aizul
 37006 | Swamp:3  | Killed Kirke
 37476 | Spider:1 | Entered Level 1 of the Spider Nest
 37526 | Spider:1 | Reached skill level 15 in Armour
 38073 | Spider:1 | Reached XP level 18. HP: 162/166 MP: 26/26
 38408 | Spider:2 | Noticed Arachne
 38417 | Spider:2 | Killed Arachne
 38627 | Spider:2 | Received a gift from Okawaru
 38729 | Spider:2 | Learned a level 1 spell: Infusion
 38770 | Spider:2 | Learned a level 2 spell: Shroud of Golubria
 38773 | Spider:2 | Learned a level 2 spell: Song of Slaying
 39207 | Spider:3 | Reached skill level 5 in Dodging
 39554 | Spider:3 | Received a gift from Okawaru
 39577 | Spider:3 | Got an ichor-stained battleaxe {god gift}
 40160 | Lair:1   | Identified the +6 battleaxe "Isotac" {venom, *Contam +Inv rPois Str+4} (Okawaru gifted it to you on level 3 of the Spider Nest)
 40346 | Swamp:4  | Entered Level 4 of the Swamp
 40969 | Swamp:4  | Received a gift from Okawaru
 41520 | Swamp:4  | Noticed a tentacled monstrosity
 41535 | Swamp:4  | Killed a tentacled monstrosity
 41535 | Swamp:4  | Received a gift from Okawaru
 41759 | Swamp:4  | Got a decaying rune of Zot
 41840 | Swamp:4  | Reached XP level 19. HP: 174/174 MP: 27/27
 42050 | Swamp:3  | Noticed MajorHonor's illusion
 42082 | Swamp:3  | Killed Mara
 42785 | Spider:4 | Entered Level 4 of the Spider Nest
 42872 | Spider:4 | Noticed Asterion
 42885 | Spider:4 | Killed Asterion
 43575 | Spider:4 | Received a gift from Okawaru
 43766 | Spider:4 | Received a gift from Okawaru
 43990 | Spider:4 | Got a gossamer rune of Zot
 44058 | Spider:4 | Received a gift from Okawaru
 44747 | Elf:1    | Entered Level 1 of the Elven Halls
 45128 | Elf:1    | Received a gift from Okawaru
 45577 | Elf:1    | Reached ****** piety under Okawaru
 46030 | Elf:2    | Got a wavering ivory ring
 46043 | Elf:2    | Received a gift from Okawaru
 46054 | Elf:2    | Reached XP level 20. HP: 175/187 MP: 26/28
 46212 | Elf:2    | Found a runed gate.
 46225 | Elf:2    | Found a runed gate.
 46226 | Elf:2    | Found a runed gate.
 46804 | Elf:2    | Received a gift from Okawaru
 46968 | Elf:2    | Identified the ring "Aviqoahia" {rPois rC+ Dex+5 Stlth+} (You found it on level 2 of the Elven Halls)
 47633 | Vaults:1 | Entered Level 1 of the Vaults
 47645 | Vaults:1 | Received a gift from Okawaru
 47830 | Vaults:1 | Reached skill level 10 in Throwing
 47845 | Vaults:1 | Found Ismey's Antique Armour Shop.
 47907 | Vaults:1 | Received a gift from Okawaru
 47916 | Vaults:1 | Noticed Nikola
 47926 | Vaults:1 | Killed Nikola
 47963 | Vaults:1 | Found Qibu's Weapon Boutique.
 48044 | Vaults:1 | Received a gift from Okawaru
 48166 | Vaults:1 | Received a gift from Okawaru
 48398 | Vaults:1 | Received a gift from Okawaru
 49095 | Vaults:1 | Bought a distressingly furry chain mail for 465 gold pieces
 49107 | Vaults:1 | Identified the +0 chain mail of the Will of the Gods {Int+3 SInv} (You bought it in a shop on level 1 of the Vaults)
 49187 | Vaults:2 | Noticed Boris
 49203 | Vaults:2 | Killed Boris
 49358 | Vaults:2 | Received a gift from Okawaru
 49418 | Vaults:2 | Reached XP level 21. HP: 195/195 MP: 29/29
 49494 | Vaults:2 | Got a shimmering morningstar
 49725 | Vaults:2 | Received a gift from Okawaru
 49981 | Vaults:2 | Received a gift from Okawaru
 50020 | Vaults:2 | Got a dazzling broad axe {god gift}
 50021 | Vaults:2 | Identified the +7 broad axe of Supply {flame, *Drain MP+9 Int+7} (Okawaru gifted it to you on level 2 of the Vaults)
 50258 | Vaults:2 | Noticed Margery
 50285 | Vaults:2 | Killed Margery
 50337 | Vaults:2 | Reached skill level 15 in Shields
 50723 | Vaults:3 | Found Moolyurul's Book Emporium.
 50814 | Vaults:3 | Found a staircase to the Crypt.
 50882 | Vaults:3 | Received a gift from Okawaru
 51368 | Vaults:3 | Received a gift from Okawaru
 51378 | Vaults:3 | Reached skill level 10 in Dodging
 52066 | Vaults:3 | Identified 3 scrolls of acquirement
 52129 | Vaults:3 | Got a scorched scale mail
 52140 | Vaults:3 | Identified the +4 scale mail "Ynnasmock" {-Cast rF++ Regen+ Str+2} (You acquired it on level 3 of the Vaults)
 53189 | Vaults:4 | Received a gift from Okawaru
 53202 | Vaults:4 | Got a transparent cloak {god gift}
 53213 | Vaults:4 | Identified the +2 cloak of Courage {-Cast rPois rC++ Str+3} (Okawaru gifted it to you on level 4 of the Vaults)
 53467 | Vaults:4 | Reached XP level 22. HP: 158/205 MP: 30/30
 53784 | Vaults:4 | Identified the Incunabulum of Warped Dark Arts
 55308 | Depths:1 | Entered Level 1 of the Depths
 55475 | Depths:1 | Received a gift from Okawaru
 55930 | Depths:1 | Received a gift from Okawaru
 56877 | Depths:2 | Received a gift from Okawaru
 57033 | Depths:2 | Found a one-way gate leading to the halls of Pandemonium.
 57041 | Depths:2 | Reached XP level 23. HP: 87/215 MP: 28/31
 57401 | Depths:2 | Reached skill level 1 in Charms
 57938 | Depths:2 | Received a gift from Okawaru
 59020 | Depths:3 | Got a pair of fine boots
 59031 | Depths:3 | Identified the +1 pair of boots of Pessimism {Int+7} (You acquired it on level 3 of the Depths)
 59963 | Depths:3 | Received a gift from Okawaru
 60045 | Depths:3 | Found Ohelakki's Blood Bar.
 60123 | Depths:3 | Bought the Catalogue of Assistive Black Magic for 1015 gold pieces
 60127 | Depths:3 | Learned a level 3 spell: Regeneration
 61161 | Vaults:5 | Entered Level 5 of the Vaults
 61531 | Depths:4 | Found Miorux's Distillery.
 61542 | Depths:4 | Received a gift from Okawaru
 61554 | Depths:4 | Bought a potion of curing for 30 gold pieces
 61554 | Depths:4 | Bought 2 potions of curing for 60 gold pieces
 61567 | Depths:4 | Found Acvis's Antique Weapon Shop.
 61574 | Depths:4 | Found a one-way gate to the infinite horrors of the Abyss.
 61832 | Depths:4 | Bought an ichor-stained war axe for 348 gold pieces
 61856 | Depths:4 | Received a gift from Okawaru
 62258 | Depths:4 | Reached skill level 5 in Charms
 62289 | Depths:4 | Received a gift from Okawaru
 62318 | Depths:4 | Found a gateway to a ziggurat.
 62319 | Depths:4 | Noticed an ancient lich
 62413 | Depths:4 | Killed an ancient lich
 62413 | Depths:4 | Reached XP level 24. HP: 203/226 MP: 31/31
 62691 | Depths:4 | Found Qoumunor's Gadget Shop.
 63189 | Depths:4 | Found Soarghia's Antique Weapon Shoppe.
 63214 | Depths:4 | Bought a transparent war axe for 187 gold pieces
 63214 | Depths:4 | Identified the +6 war axe of Pyromania {speed, rElec MR+ Int+4} (You bought it in a shop on level 4 of the Depths)
 63215 | Depths:4 | Identified the +11 war axe "Pouz" {drain, MR- Dex+5} (You bought it in a shop on level 4 of the Depths)
 63319 | Depths:4 | Got a crude plate armour
 63330 | Depths:4 | Identified the +11 plate armour "Opnuas" {rPois Regen+ Slay+2} (You found it on level 4 of the Depths)
 63585 | Depths:4 | Found Misunwec's Antique Armour Emporium.
 63752 | Depths:4 | Found an ancient bone altar of Kikubaaqudgha.
 64204 | Depths:4 | Received a gift from Okawaru
 64493 | Depths:4 | Received a gift from Okawaru
 64617 | Depths:4 | Identified Sif Muna's Grimoire of Weightlessness
 64632 | Depths:4 | Got a dazzling plate armour
 64643 | Depths:4 | Identified the +6 plate armour of Zuxethu {Str+3} (You acquired it on level 4 of the Depths)
 64730 | Depths:5 | Entered Level 5 of the Depths
 64735 | Depths:5 | Noticed Saint Roka
 64874 | Depths:5 | Received a gift from Okawaru
 65321 | Depths:5 | Reached XP level 25. HP: 76/236 MP: 31/31
 65332 | Depths:5 | Noticed Jorgrun
 65346 | Depths:5 | HP: 2/236 [white draconian/chilling blast (37)]
 65673 | Depths:5 | Killed Jorgrun
 65704 | Depths:5 | Received a gift from Okawaru
 65756 | Depths:5 | Killed Saint Roka
 65791 | Depths:5 | Noticed Mennas
 65879 | Depths:5 | Killed Mennas
 65925 | Depths:5 | Received a gift from Okawaru
 66268 | Depths:5 | Found a gate to the Realm of Zot.
 66396 | Depths:5 | Found a snail-covered altar of Cheibriados.
 67601 | Crypt:1  | Entered Level 1 of the Crypt
 68519 | Crypt:1  | Reached skill level 15 in Throwing
 69198 | Crypt:2  | Received a gift from Okawaru
 69608 | Crypt:3  | Entered Level 3 of the Crypt
 69704 | Crypt:3  | Reached skill level 1 in Necromancy
 69786 | Crypt:3  | Received a gift from Okawaru
 69917 | Crypt:3  | Found an ancient bone altar of Kikubaaqudgha.
 69917 | Crypt:3  | Noticed an ancient lich
 70193 | Crypt:3  | Noticed Frederick
 70205 | Crypt:3  | Killed Frederick
 70205 | Crypt:3  | Reached XP level 26. HP: 246/246 MP: 24/31
 70370 | Crypt:3  | Found a staircase to the Tomb.
 70505 | Crypt:3  | Killed an ancient lich
 70702 | Crypt:3  | Noticed a greater mummy
 70703 | Crypt:3  | Noticed Khufu
 70704 | Crypt:3  | Noticed a greater mummy
 71008 | Crypt:3  | Noticed a greater mummy
 71035 | Crypt:3  | Killed a greater mummy
 71069 | Crypt:3  | Received a gift from Okawaru
 71072 | Crypt:3  | Got a jewelled war axe {god gift}
 71073 | Crypt:3  | Identified the +3 war axe of Exquisite Death {flame, *Confuse rElec rN+ Stlth+} (Okawaru gifted it to you on level 3 of the Crypt)
 71088 | Crypt:3  | Killed a greater mummy
 71088 | Crypt:3  | Reached skill level 10 in Charms
 71099 | Crypt:3  | Killed a greater mummy
 71566 | Crypt:3  | Reached skill level 5 in Necromancy
 72180 | Elf:3    | Entered Level 3 of the Elven Halls
 72385 | Elf:3    | Found Kegecixzyf's Antique Weapon Emporium.
 72963 | Elf:3    | Received a gift from Okawaru
 73758 | Elf:3    | Identified Mnoleg's Volume of Calling
 73815 | Elf:3    | Got a translucent crystal amulet
 73817 | Elf:3    | Identified the amulet of Scepticism {Gourm rC+ Str-2 Stlth+} (You found it on level 3 of the Elven Halls)
 73839 | Elf:3    | Got a transparent war axe
 73840 | Elf:3    | Identified the +6 war axe of the Dead {chop, rPois} (You found it on level 3 of the Elven Halls)
 74893 | Vaults:5 | Reached XP level 27. HP: 238/254 MP: 10/31
 74900 | Vaults:5 | Received a gift from Okawaru
 74920 | Vaults:5 | Received a gift from Okawaru
 74982 | Vaults:5 | Reached skill level 1 in Translocations
 75102 | Vaults:5 | Reached skill level 15 in Dodging
 75296 | Vaults:5 | Received a gift from Okawaru
 75342 | Vaults:5 | Received a gift from Okawaru
 75409 | Vaults:5 | Noticed an ancient lich
 75424 | Vaults:5 | Killed an ancient lich
 75583 | Vaults:5 | Got a bound steel ring
 75584 | Vaults:5 | Identified the ring of Duaggu {+Fly rC+ Dex+4} (You took it off a yaktaur captain on level 5 of the Vaults)
 75593 | Vaults:5 | Got a steaming ruby amulet
 75595 | Vaults:5 | Identified the amulet of Moodiness {rC++ Regen+} (You took it off an ironbrand convoker on level 5 of the Vaults)
 75633 | Vaults:5 | Got a sparkling copper amulet
 75634 | Vaults:5 | Identified the amulet of the Madman {+Rage Str+6 Dex-2} (You found it on level 5 of the Vaults)
 75811 | Vaults:5 | Identified the Almanac of Excruciating Toxins
 75841 | Vaults:5 | Got a translucent lead ring
 75842 | Vaults:5 | Identified the ring of Pessimism {+Inv Str+4} (You found it on level 5 of the Vaults)
 76050 | Vaults:5 | Identified the Grimoire of Conjuration and Fire
 76533 | Vaults:5 | Got a silver rune of Zot
 77078 | Zot:1    | Entered Level 1 of the Realm of Zot
 77993 | Zot:2    | Noticed an orb of fire
 78006 | Zot:2    | Gained mutation: Your body sometimes deteriorates upon taking damage. [an orb of fire]
 78010 | Zot:2    | Killed an orb of fire
 78058 | Zot:2    | Reached skill level 5 in Translocations
 78177 | Zot:2    | Noticed an orb of fire
 78185 | Zot:2    | Killed an orb of fire
 78185 | Zot:2    | Reached skill level 1 in Spellcasting
 78832 | Zot:2    | Received a gift from Okawaru
 79074 | Zot:3    | Received a gift from Okawaru
 79506 | Zot:3    | Received a gift from Okawaru
 79925 | Zot:4    | Received a gift from Okawaru
 80514 | Zot:4    | Received a gift from Okawaru
 80940 | Zot:5    | Entered Level 5 of the Realm of Zot
 81272 | Zot:5    | Reached skill level 5 in Spellcasting
 81343 | Zot:5    | Received a gift from Okawaru
 81346 | Zot:5    | Got a crude broad axe {god gift}
 81347 | Zot:5    | Identified the +0 broad axe "Concordance" {drain, rElec rPois rC++} (Okawaru gifted it to you on level 5 of the Realm of Zot)
 81613 | Zot:5    | Noticed an ancient lich
 81618 | Zot:5    | Noticed an ancient lich
 81624 | Zot:5    | Killed an ancient lich
 81629 | Zot:5    | Noticed an orb of fire
 81649 | Zot:5    | Killed an orb of fire
 81655 | Zot:5    | Killed an ancient lich
 81849 | Zot:5    | Noticed an ancient lich
 81860 | Zot:5    | Killed an ancient lich
 81860 | Zot:5    | Received a gift from Okawaru
 81966 | Zot:5    | Received a gift from Okawaru
 82055 | Zot:5    | Noticed an ancient lich
 82079 | Zot:5    | Killed an ancient lich
 82094 | Zot:5    | Noticed an ancient lich
 82107 | Zot:5    | Killed an ancient lich
 82107 | Zot:5    | Received a gift from Okawaru
 82295 | Zot:5    | Noticed an ancient lich
 82328 | Zot:5    | Noticed an ancient lich
 82335 | Zot:5    | Noticed an orb of fire
 82339 | Zot:5    | Killed an ancient lich
 82352 | Zot:5    | Killed an ancient lich
 82353 | Zot:5    | Killed an orb of fire
 82683 | Zot:5    | Got the Orb of Zot
 82728 | Zot:4    | Noticed a seraph
 82855 | Depths:4 | Noticed Maysaij the pandemonium lord
 82898 | Depths:3 | Killed Maysaij the pandemonium lord
 83445 | D:$      | Escaped with the Orb!

Action                   |  1- 3 |  4- 6 |  7- 9 | 10-12 | 13-15 | 16-18 | 19-21 | 22-24 | 25-27 || total
-------------------------+-------+-------+-------+-------+-------+-------+-------+-------+-------++-------
Melee: War axe           |   121 |   199 |   358 |  1065 |  1649 |   451 |       |   242 |       ||  4085
       Flail             |       |       |       |    16 |     6 |       |       |       |       ||    22
       Broad axe         |       |       |       |       |       |  1205 |  1774 |  1633 |  2636 ||  7248
Throw: Tomahawk          |     4 |     8 |    25 |    60 |    70 |     8 |       |       |       ||   175
       Throwing net      |       |       |       |     1 |     2 |     1 |       |       |       ||     4
       Javelin           |       |       |       |       |       |    76 |    77 |    35 |   114 ||   302
 Cast: Song of Slaying   |       |       |       |       |       |       |       |     2 |     4 ||     6
       Infusion          |       |       |       |       |       |       |       |     1 |    16 ||    17
       Regeneration      |       |       |       |       |       |       |       |       |    16 ||    16
       Shroud of Golubri |       |       |       |       |       |       |       |       |     4 ||     4
Invok: Heroism           |       |       |     4 |    22 |    35 |    25 |    18 |    22 |    44 ||   170
       Finesse           |       |       |       |     1 |    10 |     5 |     6 |     5 |    14 ||    41
Evoke: Wand              |       |     1 |    10 |    21 |     7 |     7 |     3 |     5 |     8 ||    62
       Deck              |       |       |       |     2 |     1 |       |       |     1 |       ||     4
  Use: Scroll            |     2 |     7 |     9 |    12 |     9 |    12 |    12 |     9 |    29 ||   101
       Potion            |       |     1 |     3 |     1 |     4 |     8 |     2 |     2 |    16 ||    37
 Stab: Confused          |       |       |     3 |       |       |       |       |       |     2 ||     5
       Paralysed         |       |       |       |     5 |       |     7 |       |       |     8 ||    20
       Held in net/web   |       |       |       |       |     2 |       |       |       |       ||     2
  Eat: Chunk             |     2 |     5 |    11 |    25 |    35 |    26 |    31 |    29 |    34 ||   198
       Meat ration       |       |     1 |       |     1 |       |     1 |     2 |     1 |     6 ||    12
       Royal jelly       |       |       |     1 |       |       |       |       |       |     1 ||     2
       Pizza             |       |       |       |     2 |     1 |     2 |     1 |     2 |     1 ||     9
       Fruit             |       |       |       |     1 |     3 |     5 |     1 |     2 |     1 ||    13
       Beef jerky        |       |       |       |       |     1 |       |       |       |     3 ||     4
       Bread ration      |       |       |       |       |       |     2 |       |       |     3 ||     5
